 Dungeon Crawl Stone Soup version 0.21.1-1-g345015fe64 (webtiles) character file.

1628 Evaline the Shield-Bearer (level 8, -7/78 HPs)
             Began as an Ogre Fighter on June 22, 2018.
             Mangled by a hog (9 damage)
             ... on level 6 of the Dungeon.
             The game lasted 00:40:06 (8549 turns).

Evaline the Shield-Bearer (Ogre Fighter)            Turns: 8549, Time: 00:40:07

Health: -7/78      AC:  3    Str: 21    XL:     8   Next: 97%
Magic:  8/8        EV: 10    Int:  9    God:
Gold:   290        SH: 10    Dex: 10    Spells: 7/7 levels left

rFire    . . .     SeeInvis .   a - +0 mace
rCold    . . .     Gourm    .   c - +0 shield
rNeg     . . .     Faith    .   k - +0 robe
rPois    +         Spirit   .   L - +0 hat
rElec    .         Reflect  .   (no cloak)
rCorr    .         Harm     .   (gloves unavailable)
MR       .....                  (boots unavailable)
Stlth    +.........             (no amulet)
HPRegen  0.23/turn              g - ring of poison resistance
MPRegen  0.11/turn              (no ring)

@: no status effects
A: large, unfitting armour, tough skin 1
a: no special abilities


You were on level 6 of the Dungeon.
You were very hungry.

You visited 1 branch of the dungeon, and saw 7 of its levels.

You collected 290 gold pieces.

Inventory:

Hand Weapons
 a - a +0 mace (weapon)
 b - a +0 flail
 q - a +0 hand axe
 v - a +1 hunting sling of freezing
 w - a +0 trident
 F - a +0 giant spiked club
 G - a cursed -3 short sword
Missiles
 d - 125 stones
 o - 17 poisoned needles
 s - 7 curare-tipped needles
 K - 3 tomahawks (quivered)
Armour
 c - a +0 shield (worn)
 k - a +0 robe (worn)
 L - a +0 hat (worn)
Jewellery
 g - a ring of poison resistance (left hand)
 E - a +2 ring of strength {unknown}
Wands
 j - a wand of iceblast (11)
 H - a wand of digging (14)
Scrolls
 i - a scroll of noise {unknown}
 r - 3 scrolls of enchant armour {unknown}
 t - 3 scrolls of teleportation {unknown}
 x - 2 scrolls of identify {unknown}
 y - a scroll of magic mapping {unknown}
 z - 2 scrolls of blinking {unknown}
 B - 2 scrolls of amnesia {unknown}
 C - 6 scrolls of remove curse {unknown}
Potions
 h - a potion of ambrosia {unknown}
 l - a potion of might
 m - a potion of mutation {unknown}
 n - 2 potions of lignification {unknown}
 p - a potion of flight {unknown}
 u - 4 potions of curing {unknown}
 A - 2 potions of haste {unknown}
 D - a potion of brilliance {unknown}
 I - a potion of heal wounds {unknown}
Comestibles
 e - 10 rations


   Skills:
 - Level 4.0 Fighting
 + Level 6.5 Maces & Flails
 + Level 3.6 Throwing
 + Level 3.2 Dodging
 * Level 7.3 Shields


You had 7 spell levels left.
You didn't know any spells.

Dungeon Overview and Level Annotations

Branches:
Dungeon (7/15)             Temple (0/1) D:7

Altars:
Dithmenos
Fedhas
Gozag
Uskayaw
Xom
The Shining One

Annotations:
D:3 Hostile, Hatywr's ghost, amateur HOFi


Innate Abilities, Weirdness & Mutations

You are too large for most types of armour.
You have tough skin. (AC +1)


Message History

The hog is moderately wounded.
The hog bites you.
* * * LOW HITPOINT WARNING * * *
Your shield prevents you from hitting the hog.
The hog is moderately wounded.
You block the hog's attack. x2
Your shield prevents you from hitting the hog.
The hog is moderately wounded.
You block the hog's attack.
You hit the hog but do no damage.
The hog is moderately wounded.
The hog bites you but does no damage. The hog completely misses you.
You hit the hog but do no damage.
The hog is moderately wounded.
The hog bites you.
* * * LOW HITPOINT WARNING * * *
You hit the hog.
The hog is heavily wounded.
The hog bites you!
You die...

#...##.. #...##.. #...##..
#...##.. ########### #...##..
##### #.........## #....'..
....###.......#..## ###.##..
....'.'.....####### ###.###.
....###.....####@####### #...###.
....# #.....##8.h[8##(.# #.###...
##### #.....##.....##..# #.......
#.....#8.....8#.(# #####.#.
#.....##.....##..##### #.#.
######.##8...8####(...# #.#.
######....#.##..^..####....###.#.
.....'....'.#8..(..8#.'..........
######....#.##.....####.....##...


You could see a hog.

Vanquished Creatures
  Duvessa (D:6)
  A phantom (D:5)
  2 ogres (D:7)
  2 centaurs (D:6)
  3 bullfrogs (D:6)
  Dowan (D:6)
  A scorpion (D:6)
  2 bullfrog zombies
  2 crimson imps (D:7)
  4 orc wizards
  3 orc priests
  A bullfrog skeleton (D:6)
  5 hounds
  An iguana (D:4)
  2 worker ants
  A gnoll (D:1)
  10 adders
  A shadow imp (D:7)
  An ooze (D:4)
  3 adder skeletons
  2 worms
  3 dart slugs
  2 leopard geckos (D:2)
  14 orcs
  3 giant cockroaches
  6 goblins
  A hobgoblin (D:2)
  7 jackals
  8 kobolds
  3 quokkas
  A ball python (D:5)
  7 bats
  5 frilled lizards
  12 rats
121 creatures vanquished.

Notes
Turn   | Place    | Note
-------+----------+-------------------------------------------
     0 | D:1      | Evaline the Ogre Fighter began the quest for the Orb.
     0 | D:1      | Reached XP level 1. HP: 24/24 MP: 1/1
   412 | D:1      | Reached skill level 3 in Shields
   468 | D:1      | Reached XP level 2. HP: 25/32 MP: 2/2
  1005 | D:1      | Reached XP level 3. HP: 38/39 MP: 3/3
  1554 | D:2      | Reached XP level 4. HP: 39/48 MP: 4/4
  2050 | D:3      | Reached skill level 4 in Shields
  2127 | D:3      | Reached skill level 1 in Throwing
  2154 | D:3      | Reached XP level 5. HP: 50/54 MP: 5/5
  2308 | D:3      | Found a glowing golden altar of the Shining One.
  2377 | D:3      | Noticed Hatywr's ghost (amateur HOFi)
  4051 | D:4      | Found a blossoming altar of Fedhas.
  4113 | D:4      | You fall through a shaft for 2 floors!
  4164 | D:6      | Found an opulent altar of Gozag.
  4225 | D:6      | Reached XP level 6. HP: 31/62 MP: 6/6
  4259 | D:6      | Reached skill level 5 in Shields
  4541 | D:5      | Entered Level 5 of the Dungeon
  5030 | D:5      | Reached XP level 7. HP: 56/70 MP: 7/7
  5485 | D:5      | Reached skill level 5 in Maces & Flails
  5985 | D:5      | Found a deep blue altar of Sif Muna.
  6004 | D:5      | Found a bloodstained altar of Trog.
  6004 | D:5      | Found a shimmering altar of Xom.
  6006 | D:5      | Found a shattered altar of Ashenzari.
  6006 | D:5      | Found a shimmering altar of Xom.
  6006 | D:5      | Found a glowing golden altar of the Shining One.
  6459 | D:6      | Reached skill level 6 in Shields
  6465 | D:6      | Reached XP level 8. HP: 51/78 MP: 8/8
  6724 | D:6      | Found a shadowy altar of Dithmenos.
  6927 | D:6      | Noticed Dowan
  7288 | D:7      | Found a staircase to the Ecumenical Temple.
  7772 | D:6      | Noticed Duvessa
  7794 | D:6      | Killed Duvessa
  7794 | D:6      | Reached skill level 7 in Shields
  7824 | D:6      | Killed Dowan
  8325 | D:7      | Found a hide-covered altar of Uskayaw.
  8506 | D:7      | Noticed a yak
  8543 | D:6      | HP: 2/78 [hog (5)]
  8548 | D:6      | HP: 2/78 [hog (1)]
  8549 | D:6      | Mangled by a hog

Skill      XL: |  1  2  3  4  5  6  7  8 |
---------------+-------------------------+-----
Shields        | 3 4 5 6 7 |  7.3
Maces & Flails | 2 3 4 5 6 |  6.5
Throwing       | 1 2 3 |  3.6
Dodging        | 3 |  3.2
Fighting       | |  4.0

Action                   |  1- 3 |  4- 6 |  7- 9 || total
-------------------------+-------+-------+-------++-------
Melee: Flail             |    28 |       |       ||    28
       Mace              |    63 |   193 |   328 ||   584
       Spear             |     2 |    24 |       ||    26
Throw: Large rock        |     7 |    12 |    18 ||    37
       Stone             |    16 |    35 |    65 ||   116
       Tomahawk          |       |       |     1 ||     1
 Stab: Sleeping          |       |     1 |       ||     1
  Eat: Chunk             |     2 |    11 |    11 ||    24
Armor: Robe              |    13 |    43 |    48 ||   104
Dodge: Dodged            |    42 |    70 |   109 ||   221
Block: Shield            |    42 |   105 |   166 ||   313
